[ AOE2 MATCH · #482097169 ]
UnrankedBerbers vs Sicilians
Player's team · WIN
Rival team · LOSS
[ REPLAY ANALYSIS · EXTRACTED FROM THE RECORDED GAME ]
Feudal
10:43
Castle
21:58
Imperial
—
| APM avg | 43.4 |
| APM peak | 101 |
| eAPM avg | 18.2 |
| Villagers / military | 118 / 79 |
Focus
⚔️ 30.6% · 🌾 69.4%
Archer ×36 · Spearman ×23 · Mangonel ×12 · Battering Ram ×8
Feudal
11:35
Castle
30:04
Imperial
—
| APM avg | 27.8 |
| APM peak | 71 |
| eAPM avg | 13.4 |
| Villagers / military | 67 / 22 |
Focus
⚔️ 23.3% · 🌾 76.7%
Mangonel ×5 · Serjeant ×5 · Spearman ×4 · Skirmisher ×4 · Scout Cavalry ×4
Match map
Initial resources + every placement click. Lines = walls · curves = elevation contours. ◆ gold · ⬟ stone · ● berries · ✦ relic · ◌ wall gap
Your base· Open — 9t gap
Zainkiller's base· Open — unwalled flank
Smoothed initial terrain · ◌ = detected wall gap · hover for details
Inputs per minute
— cutomuto - - Zainkiller
Build order — cutomuto
First 150 of 319 actions detected
| 0:01 | Create | Villager (Male) |
| 0:01 | Create | Villager (Male) |
| 0:02 | Create | Villager (Male) |
| 0:04 | Build | House |
| 0:13 | Create | Villager (Male) |
| 0:13 | Create | Villager (Male) |
| 0:13 | Create | Villager (Male) |
| 0:19 | Research | Loom |
| 0:19 | Research | Loom |
| 0:30 | Build | House |
| 0:40 | Create | Villager (Male) |
| 0:40 | Create | Villager (Male) |
| 0:40 | Create | Villager (Male) |
| 0:40 | Create | Villager (Male) |
| 0:41 | Create | Villager (Male) |
| 0:41 | Create | Villager (Male) |
| 1:54 | Create | Villager (Male) |
| 1:54 | Create | Villager (Male) |
| 3:09 | Create | Villager (Male) |
| 3:09 | Create | Villager (Male) |
| 3:10 | Create | Villager (Male) |
| 3:40 | Create | Villager (Male) |
| 3:40 | Create | Villager (Male) |
| 3:41 | Create | Villager (Male) |
| 3:41 | Create | Villager (Male) |
| 4:07 | Create | Villager (Male) |
| 4:19 | Build | House |
| 4:28 | Create | Villager (Male) |
| 4:29 | Create | Villager (Male) |
| 4:29 | Create | Villager (Male) |
| 4:29 | Create | Villager (Male) |
| 4:52 | Create | Villager (Male) |
| 4:53 | Create | Villager (Male) |
| 4:53 | Create | Villager (Male) |
| 5:10 | Create | Villager (Male) |
| 5:10 | Create | Villager (Male) |
| 5:11 | Create | Villager (Male) |
| 5:33 | Create | Villager (Male) |
| 5:33 | Create | Villager (Male) |
| 5:34 | Create | Villager (Male) |
| 5:47 | Create | Villager (Male) |
| 5:47 | Create | Villager (Male) |
| 5:47 | Create | Villager (Male) |
| 5:47 | Create | Villager (Male) |
| 5:50 | Create | Villager (Male) |
| 5:50 | Create | Villager (Male) |
| 5:51 | Create | Villager (Male) |
| 5:56 | Build | Mill |
| 5:59 | Create | Villager (Male) |
| 5:59 | Create | Villager (Male) |
| 6:00 | Create | Villager (Male) |
| 6:02 | Create | Villager (Male) |
| 6:14 | Create | Villager (Male) |
| 6:14 | Create | Villager (Male) |
| 6:15 | Create | Villager (Male) |
| 6:15 | Create | Villager (Male) |
| 6:38 | Build | House |
| 6:45 | Create | Villager (Male) |
| 6:46 | Create | Villager (Male) |
| 6:46 | Create | Villager (Male) |
| 7:14 | Create | Villager (Male) |
| 7:15 | Create | Villager (Male) |
| 7:15 | Create | Villager (Male) |
| 7:25 | Create | Villager (Male) |
| 7:25 | Create | Villager (Male) |
| 7:26 | Create | Villager (Male) |
| 7:36 | Create | Villager (Male) |
| 7:36 | Create | Villager (Male) |
| 7:36 | Create | Villager (Male) |
| 7:36 | Create | Villager (Male) |
| 7:46 | Build | Lumber Camp |
| 8:30 | Create | Villager (Male) |
| 8:33 | Research | Feudal Age |
| 8:34 | Research | Feudal Age |
| 8:34 | Research | Feudal Age |
| 8:34 | Research | Feudal Age |
| 8:34 | Research | Feudal Age |
| 8:51 | Build | House |
| 9:53 | Build | Barracks |
| 10:21 | Create | Villager (Male) |
| 10:33 | Build | Mill |
| 10:43 | Age | Feudal Age |
| 10:47 | Create | Villager (Male) |
| 11:02 | Research | Double-Bit Axe |
| 11:02 | Research | Double-Bit Axe |
| 11:02 | Research | Double-Bit Axe |
| 11:02 | Research | Double-Bit Axe |
| 11:02 | Research | Double-Bit Axe |
| 11:07 | Create | Villager (Male) |
| 11:08 | Create | Villager (Male) |
| 11:30 | Build | Mining Camp |
| 11:45 | Create | Villager (Male) |
| 12:21 | Build | Archery Range |
| 12:28 | Create | Villager (Male) |
| 12:57 | Create | Villager (Male) |
| 13:08 | Build | Mill |
| 13:09 | Create | Villager (Male) |
| 13:14 | Create | Archer |
| 13:14 | Create | Archer |
| 13:15 | Create | Archer |
| 13:15 | Create | Archer |
| 13:17 | Create | Spearman |
| 13:27 | Build | House |
| 13:29 | Build | House |
| 14:00 | Create | Villager (Male) |
| 14:21 | Research | Gold Mining |
| 14:21 | Research | Gold Mining |
| 14:21 | Research | Gold Mining |
| 14:22 | Research | Gold Mining |
| 14:22 | Research | Gold Mining |
| 14:23 | Create | Villager (Male) |
| 14:29 | Create | Archer |
| 14:29 | Create | Archer |
| 14:33 | Build | House |
| 14:36 | Build | House |
| 15:24 | Create | Archer |
| 15:25 | Create | Archer |
| 15:29 | Build | Farm |
| 15:30 | Build | Farm |
| 15:32 | Build | Farm |
| 15:34 | Build | Farm |
| 15:54 | Create | Archer |
| 15:56 | Create | Spearman |
| 15:56 | Create | Spearman |
| 15:56 | Create | Spearman |
| 15:59 | Research | Horse Collar |
| 15:59 | Research | Horse Collar |
| 15:59 | Research | Horse Collar |
| 15:59 | Research | Horse Collar |
| 16:06 | Build | House |
| 16:11 | Build | House |
| 16:45 | Create | Archer |
| 16:46 | Create | Archer |
| 16:47 | Create | Spearman |
| 16:47 | Create | Spearman |
| 16:58 | Create | Archer |
| 17:34 | Create | Archer |
| 17:34 | Create | Archer |
| 18:05 | Build | Market |
| 18:40 | Create | Villager (Male) |
| 18:41 | Create | Villager (Male) |
| 18:41 | Create | Villager (Male) |
| 18:56 | Build | Blacksmith |
| 19:18 | Research | Castle Age |
| 19:18 | Research | Castle Age |
| 19:18 | Research | Castle Age |
| 19:35 | Create | Spearman |
| 19:35 | Create | Spearman |
| 19:53 | Research | Fletching |
| 19:53 | Research | Fletching |
Build order — Zainkiller
First 150 of 170 actions detected
| 0:01 | Create | Villager (Male) |
| 0:01 | Create | Villager (Male) |
| 0:01 | Create | Villager (Male) |
| 0:01 | Create | Villager (Male) |
| 0:01 | Create | Villager (Male) |
| 0:06 | Research | Loom |
| 0:07 | Create | Villager (Male) |
| 0:07 | Create | Villager (Male) |
| 0:07 | Create | Villager (Male) |
| 0:07 | Create | Villager (Male) |
| 0:07 | Create | Villager (Male) |
| 0:12 | Build | House |
| 0:14 | Build | House |
| 3:14 | Create | Villager (Male) |
| 3:14 | Create | Villager (Male) |
| 3:14 | Create | Villager (Male) |
| 3:46 | Create | Villager (Male) |
| 3:46 | Create | Villager (Male) |
| 3:47 | Create | Villager (Male) |
| 4:08 | Create | Villager (Male) |
| 4:53 | Create | Villager (Male) |
| 5:02 | Create | Villager (Male) |
| 5:26 | Create | Villager (Male) |
| 5:55 | Build | Mill |
| 6:16 | Create | Villager (Male) |
| 6:57 | Build | Lumber Camp |
| 7:02 | Create | Villager (Male) |
| 7:02 | Create | Villager (Male) |
| 7:07 | Build | House |
| 7:10 | Build | House |
| 7:48 | Create | Villager (Male) |
| 8:31 | Create | Villager (Male) |
| 9:25 | Research | Feudal Age |
| 9:52 | Build | Mining Camp |
| 11:32 | Build | Barracks |
| 11:35 | Age | Feudal Age |
| 11:43 | Research | Double-Bit Axe |
| 12:05 | Build | Donjon |
| 12:33 | Create | Spearman |
| 12:35 | Create | Spearman |
| 12:46 | Research | Gold Mining |
| 12:51 | Create | Villager (Male) |
| 12:51 | Create | Villager (Male) |
| 12:53 | Research | Wheelbarrow |
| 12:56 | Create | Villager (Male) |
| 13:36 | Create | Serjeant |
| 13:36 | Create | Serjeant |
| 14:01 | Create | Villager (Male) |
| 14:07 | Build | Blacksmith |
| 14:59 | Build | House |
| 15:00 | Build | House |
| 15:02 | Create | Villager (Male) |
| 15:18 | Build | Stable |
| 15:58 | Research | Bloodlines |
| 15:58 | Create | Scout Cavalry |
| 16:14 | Build | Mining Camp |
| 16:20 | Create | Villager (Male) |
| 16:22 | Research | Scale Barding Armor |
| 17:39 | Create | Villager (Male) |
| 17:40 | Create | Villager (Male) |
| 17:40 | Create | Villager (Male) |
| 17:48 | Create | Villager (Male) |
| 18:04 | Build | Lumber Camp |
| 18:40 | Create | Scout Cavalry |
| 18:59 | Create | Scout Cavalry |
| 19:52 | Create | Villager (Male) |
| 19:53 | Create | Villager (Male) |
| 20:04 | Build | Farm |
| 20:04 | Build | Farm |
| 20:04 | Build | Farm |
| 20:05 | Build | Farm |
| 20:05 | Build | Farm |
| 20:05 | Build | Farm |
| 20:05 | Build | Farm |
| 20:34 | Build | Farm |
| 20:41 | Build | Farm |
| 20:58 | Build | Farm |
| 21:06 | Create | Villager (Male) |
| 21:50 | Create | Scout Cavalry |
| 22:40 | Build | Farm |
| 22:47 | Research | Forging |
| 22:55 | Build | House |
| 22:59 | Build | House |
| 23:01 | Build | House |
| 23:04 | Build | House |
| 23:06 | Build | House |
| 23:08 | Build | House |
| 23:18 | Create | Villager (Male) |
| 23:18 | Create | Villager (Male) |
| 23:26 | Create | Villager (Male) |
| 23:26 | Create | Villager (Male) |
| 23:36 | Build | Farm |
| 24:12 | Build | Farm |
| 24:13 | Build | Farm |
| 24:18 | Build | Farm |
| 24:20 | Build | Farm |
| 24:40 | Build | Farm |
| 25:13 | Research | Stone Mining |
| 25:19 | Create | Villager (Male) |
| 25:20 | Create | Villager (Male) |
| 25:30 | Build | Mill |
| 25:35 | Build | Farm |
| 25:40 | Build | Farm |
| 25:45 | Build | Farm |
| 25:50 | Build | Farm |
| 26:02 | Build | Farm |
| 26:28 | Build | Farm |
| 26:42 | Create | Villager (Male) |
| 26:45 | Create | Villager (Male) |
| 26:59 | Build | Farm |
| 27:13 | Create | Villager (Male) |
| 27:14 | Create | Villager (Male) |
| 27:24 | Research | Castle Age |
| 27:24 | Research | Castle Age |
| 27:49 | Build | Farm |
| 27:50 | Build | Farm |
| 28:00 | Create | Villager (Male) |
| 28:00 | Create | Villager (Male) |
| 28:54 | Create | Spearman |
| 28:55 | Create | Spearman |
| 30:04 | Age | Castle Age |
| 30:10 | Build | Town Center |
| 30:16 | Research | Bow Saw |
| 30:47 | Build | Farm |
| 31:14 | Build | Town Center |
| 31:19 | Build | Farm |
| 31:27 | Create | Villager (Male) |
| 31:28 | Create | Villager (Male) |
| 31:29 | Create | Villager (Male) |
| 31:30 | Create | Villager (Male) |
| 31:49 | Research | Stone Shaft Mining |
| 31:58 | Build | Farm |
| 32:07 | Build | Stable |
| 32:12 | Create | Villager (Male) |
| 32:13 | Create | Villager (Male) |
| 32:24 | Build | Siege Workshop |
| 32:56 | Create | Villager (Male) |
| 32:56 | Create | Villager (Male) |
| 33:13 | Build | Castle |
| 33:34 | Create | Mangonel |
| 33:34 | Create | Mangonel |
| 33:35 | Create | Mangonel |
| 33:40 | Build | Lumber Camp |
| 33:59 | Create | Villager (Male) |
| 33:59 | Create | Villager (Male) |
| 34:03 | Create | Villager (Male) |
| 34:03 | Create | Villager (Male) |
| 34:28 | Create | Mangonel |
| 34:44 | Build | Archery Range |
| 35:26 | Create | Mangonel |
Match timeline
| 9:53 | cutomuto · first_building Barracks |
| 10:43 | cutomuto · age_up feudal |
| 11:32 | Zainkiller · first_building Barracks |
| 11:35 | Zainkiller · age_up feudal |
| 12:05 | Zainkiller · first_building Donjon |
| 12:21 | cutomuto · first_building Archery Range |
| 15:18 | Zainkiller · first_building Stable |
| 20:07 | cutomuto · wall_segment Palisade Wall x12 |
| 20:17 | cutomuto · wall_segment Palisade Wall x7 |
| 21:58 | cutomuto · age_up castle |
| 22:31 | cutomuto · first_market_buy 100 food |
| 26:51 | cutomuto · first_building Siege Workshop |
| 30:04 | Zainkiller · age_up castle |
| 32:24 | Zainkiller · first_building Siege Workshop |
| 33:13 | Zainkiller · first_building Castle |
| 34:44 | Zainkiller · first_building Archery Range |
| 39:33 | cutomuto · first_building Castle |
| 41:21 | Zainkiller · resign |
[ AI ANALYSIS · 1 CREDIT ]
What really happened in this match?
Wolo.gg analyzes every decision: build order, eco, micro, common mistakes by bracket. Personalized analysis on WhatsApp or Discord in 30 seconds.
Civ guide
Berbers
Perfil
Jugador #25428813